 Dungeon Crawl Stone Soup version 0.19-a0-1201-gda63bca (webtiles) character file.

217 kosy22 the Ruffian (level 5, -12/49 HPs)
             Began as a Naga Transmuter on Aug 20, 2016.
             Killed by divine providence
             ... invoked by an orc priest
              (15 damage)
             ... on level 4 of the Dungeon.
             The game lasted 00:16:19 (4026 turns).

kosy22 the Ruffian (Naga Transmuter)                Turns: 4026, Time: 00:16:20

Health: -12/49     AC:  6    Str: 13    XL:     5   Next: 94%
Magic:  9/9        EV: 16    Int: 13    God:
Gold:   184        SH:  0    Dex: 17    Spells: 3 memorised, 3 levels left

rFire  + . .     SeeInvis +     j - +2 mace (holy)
rCold  . . .     Gourm    .     b - +1 robe
rNeg   . . .     Faith    .     (no shield)
rPois  +         Spirit   .     (no helmet)
rElec  .         Dismiss  .     a - +1 cloak {rPois}
rCorr  .         Reflect  .     v - +0 pair of gloves
MR     +....     Harm     .     (no barding)
Stlth  ++++......               (no amulet)
                                (no ring)
                                m - ring of protection from magic

@: agile, very slow
A: see invisible, deformed body, deterioration 1, fire resistance 1, poison
resistance, robust 1, slowness 2, slow metabolism 1, spit poison 2, AC +1
a: Spit Poison


You were on level 4 of the Dungeon.
You were not hungry.

You visited 1 branch of the dungeon, and saw 4 of its levels.

You collected 184 gold pieces.

Inventory:

Hand Weapons
 g - a +0 dagger of speed
 i - a +0 spear
 j - a +2 mace of holy wrath (weapon)
 q - a +3 quarterstaff of chaos
Missiles
 w - 33 arrows
 y - 2 tomahawks (quivered)
Armour
 a - a +1 cloak of poison resistance (worn)
 b - a +1 robe (worn)
 v - a +0 pair of gloves (worn)
Jewellery
 m - a ring of protection from magic (left hand)
Scrolls
 n - a scroll of remove curse
 u - 2 scrolls of identify
 A - a scroll of enchant weapon
 B - a scroll of fear {unknown}
 C - 2 scrolls of fog
Potions
 d - a potion of haste {unknown}
 e - a potion of agility
 h - a potion of invisibility {unknown}
 k - a potion of resistance {unknown}
 l - a potion of lignification {unknown}
 o - a potion of ambrosia {unknown}
 r - 2 potions of mutation
 s - a potion of degeneration {unknown}
 t - 2 potions of cancellation {unknown}
Books
 c - a book of Changes

   Spells                             Type                      Level
   a - Beastly Appendage              Transmutation                1
   b - Sticks to Snakes               Transmutation                2
   c - Spider Form                    Transmutation/Poison         3
   d - Ice Form                       Ice/Transmutation            4
   e - Blade Hands                    Transmutation                5
Comestibles
 f - a meat ration
 p - a bread ration
 x - a royal jelly
 z - a beef jerky


   Skills:
 + Level 1.8 Fighting
 - Level 1.2 Maces & Flails
 + Level 3.2 Dodging
 * Level 2.9 Stealth
 + Level 3.4 Unarmed Combat
 * Level 2.7 Spellcasting
 - Level 2.4 Transmutations


You had 3 spell levels left.
You knew the following spells:

 Your Spells              Type           Power        Failure   Level  Hunger
a - Beastly Appendage     Tmut           #.....       10%         1    #......
b - Sticks to Snakes      Tmut           #.......     14%         2    ###....
c - Spider Form           Tmut/Pois      #.........   52%         3    ###....


Dungeon Overview and Level Annotations

Branches:
Dungeon (4/15)
 Temple: D:4-7

Altars:
Gozag
Kikubaaqudgha
Okawaru

Annotations:
D:3 Sigmund


Innate Abilities, Weirdness & Mutations

You cannot wear boots.
Your serpentine skin is tough. (AC +1)
You have supernaturally acute eyesight. (SInv)
Armour fits poorly on your strangely shaped body.
Your system is resistant to poisons. (rPois)
You cover ground very slowly.
You have a slow metabolism.
You can spit poison.
Your body sometimes deteriorates upon taking damage.
Your flesh is heat resistant. (rF+)
You are robust. (+10% HP)


Message History

Found a potion of agility.
The hound barely misses you. The hound bites you but does no damage.
The hound bites you but does no damage.
The orc wizard is no longer moving quickly.
The hound bites you.
* * * LOW HITPOINT WARNING * * *
The hound bites you but does no damage.
The orc wizard casts a cantrip, but nothing happens.
The hound closely misses you. The hound closely misses you.
The hound bites you.
* * * LOW HITPOINT WARNING * * *
You see here a potion of agility.
Okay, then.
It was a potion of mutation.
You feel extremely strange.
You feel resistant to heat.
You feel robust.
You feel yourself wasting away.
The orc priest mumbles some strange prayers to Beogh against you.
Beogh smites you!
You die...

####.# #.# #o# #o#
#.# #o# #.#
#.###################
#......o.oooh@.......
#####################


You could see a hound, an orc priest, an orc wizard and 2 orcs.

Vanquished Creatures
  Crazy Yiuf (D:2)
  5 gnolls
  2 adders
  3 oozes
  A dart slug (D:2)
  4 giant geckos
  10 orcs (D:3)
  8 bats
  3 bat zombies (D:2)
  9 goblins
  10 hobgoblins
  A quokka (D:3)
  5 giant newts
  10 kobolds
  9 rats
  3 rat zombies (D:2)
84 creatures vanquished.

Vanquished Creatures (collateral kills)
  An adder (D:2)
  A worm (D:2)
  An orc (D:2)
  2 goblins (D:2)
  A hobgoblin (D:2)
6 creatures vanquished.

Grand Total: 90 creatures vanquished

Notes
Turn   | Place    | Note
-------+----------+-------------------------------------------
     0 | D:1      | kosy22 the Naga Transmuter began the quest for the Orb.
     0 | D:1      | Reached XP level 1. HP: 18/18 MP: 3/3
   219 | D:1      | Reached XP level 2. HP: 17/25 MP: 3/5
   223 | D:1      | Learned a level 2 spell: Sticks to Snakes
   926 | D:1      | Reached XP level 3. HP: 8/31 MP: 6/6
  1464 | D:2      | Reached skill level 1 in Stealth
  1798 | D:2      | Reached XP level 4. HP: 38/38 MP: 7/7
  2142 | D:2      | Reached skill level 1 in Maces & Flails
  2161 | D:2      | Found a runed door.
  2165 | D:2      | Noticed Crazy Yiuf
  2190 | D:2      | Killed Crazy Yiuf
  2496 | D:2      | Reached XP level 5. HP: 40/44 MP: 8/8
  2503 | D:2      | Learned a level 3 spell: Spider Form
  2711 | D:2      | Found an iron altar of Okawaru.
  2806 | D:2      | Found an ancient bone altar of Kikubaaqudgha.
  2932 | D:3      | Noticed Sigmund
  3903 | D:4      | Found an opulent altar of Gozag.
  4026 | D:4      | Gained mutation: Your flesh is heat resistant. (rF+) [potion of mutation]
  4026 | D:4      | Gained mutation: You are robust. (+10% HP) [potion of mutation]
  4026 | D:4      | Gained mutation: Your body sometimes deteriorates upon taking damage. [potion of mutation]
  4026 | D:4      | Killed from afar by an orc priest

Vault maps used:
D:1:      lightli_molten_gateway
D:2:      lemuel_zombie_altar_kikubaaqudgha, okawaru_altar_gauntlet_db,
          uniq_crazy_yiuf_cottage
D:3:      first_bread, uniq_sigmund
D:4:      nicolae_gozag_cash_rules_everything_around_me

Skill      XL: |  1  2  3  4  5 |
---------------+----------------+-----
Dodging        | 2 3 |  3.2
Stealth        | 1 2 |  2.9
Maces & Flails | 1 |  1.2
Fighting       | |  1.8
Unarmed Combat | |  3.4
Spellcasting   | |  2.7
Transmutations | |  2.4

Action                   |  1- 3 |  4- 6 || total
-------------------------+-------+-------++-------
Melee: Mace              |    83 |   178 ||   261
       Unarmed           |    10 |       ||    10
       Headbutt          |     2 |     3 ||     5
       Punch             |     2 |     1 ||     3
Throw: Tomahawk          |       |     8 ||     8
       Throwing net      |       |     1 ||     1
 Cast: Beastly Appendage |     3 |     5 ||     8
       Sticks to Snakes  |     3 |     9 ||    12
  Use: Scroll            |     7 |     6 ||    13
       Potion            |       |     2 ||     2
 Stab: Sleeping          |     1 |     1 ||     2
       Distracted        |       |     2 ||     2
  Eat: Bread ration      |     1 |     1 ||     2
Armor: Robe              |    31 |    89 ||   120
Dodge: Dodged            |    69 |   182 ||   251
